 Dungeon Crawl Stone Soup version 0.15.2 (webtiles) character file.

30 MistressOfTheSands the Insei (level 3, -2/29 HPs)
             Began as a Mummy Monk on Nov 9, 2015.
             Slain by Terence
             ... wielding a +0 trident
              (7 damage)
             ... on Level 2 of the Dungeon.
             The game lasted 00:00:50 (1013 turns).

MistressOfTheSands the Insei (Mummy Monk)           Turns: 1013, Time: 00:00:51

HP  -2/29        AC  2     Str 14      XL: 3   Next:  5%
MP   3/3         EV 13     Int  9      God:
Gold 96          SH  0     Dex 15      Spells:  0 memorised,  2 levels left

rFire  x . .     SeeInvis .       - Unarmed
rCold  + . .     Clarity  .     a - +0 robe
rNeg   + + +     rCorr    .     (no shield)
rPois  +         rRot     +     (no helmet)
rElec  .         Spirit   .     (no cloak)
SustAb .         Warding  .     (no gloves)
rMut   .         Stasis   .     (no boots)
Gourm  .                        (no amulet)
MR     .....                    (no ring)
                                (no ring)

@: not resistant to hostile enchantments, unstealthy
A: no food or potions, fire vulnerability, restore body, cold resistance 1,
negative energy resistance 3, poison resistance, torment resistance, unbreathing
a: no special abilities


You were on level 2 of the Dungeon.
You were not hungry.

You visited 1 branch of the dungeon, and saw 2 of its levels.

You collected 96 gold pieces.


Innate Abilities, Weirdness & Mutations

You do not eat or drink.
Your flesh is vulnerable to fire.
Your flesh is cold resistant.
You are immune to negative energy.
Your system is resistant to poisons.
You are immune to unholy pain and torment.
You can survive without breathing.


   Skills:
 - Level 3.0 Fighting
 - Level 2.4 Dodging
 - Level 1.5 Stealth
 + Level 4.1 Unarmed Combat


You had 2 spell levels left.
You didn't know any spells.

Inventory:

Armour
 a - a +0 robe (worn)
Scrolls
 b - a scroll of fear {unknown}
 c - 2 scrolls of identify {unknown}
 d - a scroll of enchant armour {unknown}
 e - a scroll of enchant weapon {unknown}

Dungeon Overview and Level Annotations

Branches:
Dungeon (2/15)

Altars:

Annotations:
D:2 Terence

.. .# .# #.. .# #..
####.## #.. #.....#
#.# #.<...# #.# ####
#...@.# #.# #..
##M#+## #(# #.# ###
#.#.# #.# #.# #..
#.#.####.###.###.#
#)#.#......%[....#
#.#.#.#....%######
#####.#.#.#.....##.###
#.......#.#.....##....
#.###.###.#.....##.###
#...#.# #.#..>..##....


You could see Terence.


Message History

No target in view!
No target in view!
No target in view!
You now have 83 gold pieces (gained 10).
You see here a jackal corpse.
Found 16 stones.
You now have 96 gold pieces (gained 13).
Found a dagger.
Found a stone staircase leading up.
You see here a dagger.
Terence the Incautious comes into view.
He is wielding a trident.
Terence hits you from afar with a trident!
* * * LOW HITPOINT WARNING * * *
Terence barely misses you.
You hit Terence but do no damage. You closely miss Terence.
Terence hits you with a trident!
* * * LOW HITPOINT WARNING * * *
You are too injured to fight recklessly!
You are too injured to fight recklessly!
You are too injured to fight recklessly!
You are too injured to fight recklessly!
You are too injured to fight recklessly!
You are too injured to fight recklessly!
You are too injured to fight recklessly!
You are too injured to fight recklessly!
You are too injured to fight recklessly!
You are too injured to fight recklessly!
Unknown command.
Terence hits you from afar with a trident!
You die...

Action                   || total
-------------------------++-------
Melee: Unarmed           ||    94
 Stab: Sleeping          ||     3

Vault maps used:
D:1:      dpeg_arrival_erosion, grunt_decor_fettered
D:2:      uniq_terence, uniq_crazy_yiuf_cottage

Notes
Turn   | Place    | Note
--------------------------------------------------------------
     0 | D:1      | MistressOfTheSands, the Mummy Monk, began the quest for the Orb.
     0 | D:1      | Reached XP level 1. HP: 18/18 MP: 1/1
   237 | D:1      | Reached XP level 2. HP: 14/24 MP: 2/2
   652 | D:1      | Reached skill level 4 in Unarmed Combat
   958 | D:2      | Reached XP level 3. HP: 26/29 MP: 3/3
  1009 | D:2      | Noticed Terence
  1013 | D:2      | Slain by Terence

Vanquished Creatures
  A giant gecko (D:1)
  5 bats (D:1)
  2 giant cockroaches (D:1)
  A goblin (D:1)
  3 hobgoblins (D:1)
  2 jackals (D:2)
  6 kobolds (D:1)
  3 giant newts (D:1)
  3 rats (D:1)
26 creatures vanquished.
